AoeStats
← Raj

Arena

509809933Analyzed
4v4 RM · 6d ago on Sep 28, 2026· 52m 34s· 8 players
Game mode
Random Map
Map size
Large (8 player)
Population
200
Speed
Normal
Resources
Standard
Victory
Conquest
Starting age
Dark Age
Ending age
Imperial Age
RankedLock teamsTeams togetherTeam positionsShared explorationLock speedFull tech treeHidden civsTurbo modeCheats
Victory
Defeat
🇮🇳 Gurjaras · India
1069
+12
🇮🇳 Goths · India
1026
+14
🇷🇺 Japanese · Russia
1007
+15
🇨🇳 Persians · China
1004
+15
🇺🇸 Lithuanians · United States
1008
-16
🇲🇽 Teutons · Mexico
998
-15
🇺🇸 Mongols · United States
967
-13
🇲🇽 Vikings · Mexico
945
-12
Seceptania
7:11 Loom
10:49 Feudal Age
14:57 Castle Age
13:26 Double-Bit Axe
14:31 Horse Collar
14:32 Man-at-Arms
15:55 Heavy Plow
18:57 Fervor
19:12 Town Watch
22:46 Sanctity
22:45 Scale Barding Armor
23:06 Town Watch
23:40 Fletching
25:27 Wheelbarrow
25:32 Bodkin Arrow
26:17 Ballistics
27:08 Masonry
31:28 Imperial Age
30:39 Bow Saw
31:24 Scale Mail Armor
31:35 Forging
31:40 Bloodlines
30:53 Pikeman
31:34 Squires
31:20 Arson
33:16 Chemistry
33:37 Chain Mail Armor
33:15 Halberdier
35:20 Siege Engineers
36:37 Hoardings
36:26 Conscription
37:39 Plate Mail Armor
37:45 Iron Casting
40:29 Coinage
42:28 Crenellations
43:32 Blast Furnace
42:53 Chain Barding Armor
42:34 Padded Archer Armor
43:20 Banking
45:27 Fortified Wall
181miguel
9:48 Feudal Age
10:19 Double-Bit Axe
10:20 Horse Collar
14:24 Gold Mining
15:48 Stone Mining
19:55 Castle Age
21:14 Bow Saw
21:06 Heavy Plow
23:39 Loom
25:06 Town Watch
26:04 Gold Shaft Mining
25:23 Fletching
28:50 Bodkin Arrow
28:57 Scale Mail Armor
28:36 Pikeman
32:55 Imperial Age
31:14 Squires
31:00 Crossbowman
32:12 Caravan
33:50 Arbalester
34:10 Heavy Scorpion
34:29 Elite Varangian Guard
34:59 Arson
35:59 Bracer
37:34 Conscription
38:22 Two-Man Saw
37:26 Town Patrol
37:44 Masonry
37:16 Treadmill Crane
38:17 Padded Archer Armor
38:28 Forging
40:02 Elite Berserk
44:28 Hoardings
44:54 Chieftains
51:56 Iron Casting
kaiju
2:16 Loom
10:29 Feudal Age
15:36 Castle Age
13:45 Double-Bit Axe
14:03 Horse Collar
14:39 Stone Mining
15:07 Gold Mining
17:13 Wheelbarrow
20:18 Bow Saw
22:53 Stone Shaft Mining
23:37 Gold Shaft Mining
25:18 Heavy Plow
30:51 Imperial Age
28:38 Hand Cart
28:12 Town Watch
28:54 Forging
29:10 Bloodlines
28:58 Fletching
29:09 Padded Archer Armor
29:14 Scale Barding Armor
29:25 Masonry
29:45 Husbandry
30:37 Bodkin Arrow
31:11 Light Cavalry
32:56 Elite Mangudai
34:12 Bracer
34:27 Leather Archer Armor
33:48 Pikeman
36:13 Conscription
40:21 Squires
43:20 Chemistry
42:42 Ballistics
43:04 Heavy Camel Rider
45:02 Iron Casting
44:48 Chain Barding Armor
45:49 Cavalier
49:18 Blast Furnace
50:30 Hoardings
50:20 Drill
50:28 Hussar
Fifthlosophic
11:05 Feudal Age
15:50 Castle Age
13:48 Double-Bit Axe
13:47 Horse Collar
14:05 Loom
17:38 Heavy Plow
19:41 Stone Mining
28:31 Fletching
32:45 Imperial Age
31:11 Wheelbarrow
31:07 Scale Barding Armor
31:12 Forging
32:02 Forging
33:07 Bloodlines
33:38 Cavalier
36:46 Chemistry
36:09 Chain Barding Armor
36:46 Hand Cart
38:47 Plate Barding Armor
39:21 Ballistics
41:16 Iron Casting
40:04 Light Cavalry
41:43 Padded Archer Armor
42:09 Bow Saw
41:53 Paladin
44:16 Leather Archer Armor
45:26 Gold Mining
47:38 Conscription
RushMn🐻
11:04 Feudal Age
12:27 Wheelbarrow
11:40 Double-Bit Axe
16:07 Castle Age
17:28 Bow Saw
17:06 Horse Collar
18:49 Heavy Plow
19:32 Treadmill Crane
21:07 Fortified Wall
20:56 Fletching
21:08 Scale Mail Armor
21:18 Forging
22:19 Guard Tower
22:29 Stone Mining
22:50 Gold Mining
24:15 Gold Shaft Mining
28:42 Hand Cart
29:32 Town Watch
29:33 Loom
30:20 Ballistics
29:59 Murder Holes
33:14 Imperial Age
30:54 Bodkin Arrow
31:15 Chain Mail Armor
31:45 Iron Casting
31:46 Pikeman
32:27 Squires
32:13 Gambesons
32:14 Arson
31:50 Man-at-Arms
32:43 Masonry
32:41 Town Patrol
33:37 Halberdier
35:06 Plate Mail Armor
34:37 Bracer
35:15 Yasama
36:32 Kataparuto
36:47 Arrowslits
38:08 Two-Man Saw
38:00 Thumb Ring
37:16 Elite Skirmisher
38:19 Conscription
39:36 Blast Furnace
39:15 Keep
39:41 Chemistry
38:55 Long Swordsman
39:40 Padded Archer Armor
39:22 Two-Handed Swordsman
40:31 Siege Engineers
39:53 Elite Samurai
40:07 Champion
47:17 Heavy Cavalry Archer
48:22 Parthian Tactics
Raj
10:14 Feudal Age
15:38 Castle Age
15:00 Stone Mining
15:19 Loom
27:30 Fletching
27:50 Forging
28:43 Horse Collar
30:36 Wheelbarrow
29:47 Town Watch
30:23 Bodkin Arrow
30:56 Double-Bit Axe
31:43 Masonry
34:53 Imperial Age
33:06 Hand Cart
34:05 Bloodlines
33:56 Husbandry
34:55 Iron Casting
34:26 Scale Barding Armor
35:08 Murder Holes
35:55 Heavy Camel Rider
37:31 Chain Barding Armor
39:32 Town Patrol
40:23 Plate Barding Armor
40:06 Gold Mining
42:47 Gold Shaft Mining
43:19 Bracer
44:42 Light Cavalry
44:49 Siege Elephant
45:51 Elite Skirmisher
47:34 Hussar
52:03 Chemistry
50:44 Treadmill Crane
51:35 Architecture
51:45 Padded Archer Armor
53:00 Bow Saw
*Lord*
1:42 Loom
10:34 Feudal Age
14:54 Castle Age
15:35 Wheelbarrow
14:46 Double-Bit Axe
14:43 Horse Collar
26:56 Hand Cart
30:02 Imperial Age
27:57 Bow Saw
27:51 Heavy Plow
27:35 Pikeman
28:17 Squires
29:02 Forging
29:01 Anarchy
29:43 Forging
29:37 Scale Mail Armor
30:29 Elite Huskarl
31:19 Capped Ram
31:48 Halberdier
33:58 Iron Casting
38:23 Blast Furnace
37:40 Chain Mail Armor
37:27 Perfusion
37:50 Conscription
41:01 Fletching
41:23 Gold Mining
44:24 Bodkin Arrow
47:30 Bracer
48:13 Ballistics
48:54 Chemistry
50:15 Crop Rotation
51:13 Two-Man Saw
50:16 Padded Archer Armor
50:17 Murder Holes
50:04 Treadmill Crane
52:42 Leather Archer Armor
五彩斑斓的黑
9:59 Feudal Age
14:28 Castle Age
13:10 Double-Bit Axe
13:45 Horse Collar
18:02 Bow Saw
22:38 Gold Mining
22:38 Stone Mining
23:48 Wheelbarrow
28:15 Imperial Age
25:36 Loom
25:38 Town Watch
26:47 Husbandry
26:57 Bloodlines
27:48 Hand Cart
27:52 Scale Barding Armor
30:06 Cavalier
31:05 Forging
35:37 Chain Barding Armor
35:53 Iron Casting
34:49 Elite War Elephant
36:52 Heavy Plow
40:39 Plate Barding Armor
41:43 Two-Man Saw
41:13 Conscription
44:54 Chemistry
44:15 Ballistics
44:58 Blast Furnace
43:51 Fletching
44:02 Padded Archer Armor
45:46 Thumb Ring
45:03 Elite Skirmisher
51:34 Caravan
Connection lost

Rejoining the realm…

Still unreachable

The connection could not be restored.

Session expired

The server has moved on; the page needs a fresh start.